 Dungeon Crawl Stone Soup version 0.23-b1-6-ga921848 (webtiles) character file.

Game seed: 6335496517088602988

23078 Kairos the Cleaver (level 13, -2/67 HPs)
             Began as a Vine Stalker Fighter on Feb 2, 2019.
             Was a High Priest of Okawaru.
             Killed from afar by a lindwurm (9 damage)
             ... with a blast of flame
             ... on level 2 of the Lair of Beasts.
             The game lasted 00:19:56 (9387 turns).

Kairos the Cleaver (Vine Stalker Fighter)           Turns: 9387, Time: 00:19:57

Health: -2/67      AC: 15    Str: 23    XL:     13   Next: 4%
Magic:  0/14       EV:  8    Int:  8    God:    Okawaru [*****.]
Gold:   622        SH: 11    Dex: 15    Spells: 12/12 levels left

rFire    + . .     SeeInvis .   a - +2 broad axe (pain)
rCold    x . .     Gourm    .   c - +0 shield
rNeg     . . .     Faith    .   t - +1 chain mail {MR+}
rPois    +         Spirit   +   b - +1 hat
rElec    .         Reflect  .   D - scarf {repulsion}
rCorr    .         Harm     .   (no gloves)
MR       ++...                  Y - +2 pair of boots {Fly}
Stlth    ..........             H - amulet of regeneration
HPRegen  1.41/turn              i - ring of poison resistance
MPRegen  0.14/turn              Q - ring of fire

@: flying, repel missiles
A: fangs 3, regeneration 2, magic shield, antimagic bite, no potion heal 3, rot
immunity
a: Heroism, Finesse, Renounce Religion, Stop Flying


You were on level 2 of the Lair of Beasts.
You worshipped Okawaru.
Okawaru was extremely pleased with you.
You were not hungry.

You visited 3 branches of the dungeon, and saw 14 of its levels.

You collected 622 gold pieces.

Inventory:

Hand Weapons
 a - a +2 broad axe of pain (weapon)
 W - a +3 whip
Missiles
 Z - 6 curare-tipped needles
Armour
 b - a +1 hat (worn)
 c - a +0 shield (worn)
 t - a +1 chain mail of magic resistance (worn)
 D - a scarf of repulsion (worn)
 X - a scarf of cloud immunity
 Y - a +2 pair of boots of flying (worn)
Jewellery
 i - a ring of poison resistance (left hand)
 m - an uncursed ring of ice
 H - an amulet of regeneration (around neck)
 N - a +1 ring of evasion
 Q - a ring of fire (right hand)
 T - an uncursed ring of wizardry
Wands
 n - a wand of paralysis (15)
 v - a wand of acid (6)
 w - a wand of enslavement (5)
 y - a wand of flame (1)
 K - a wand of digging (14)
 U - a wand of polymorph (9)
 V - a wand of iceblast (6)
Scrolls
 g - 2 scrolls of fog
 h - 8 scrolls of teleportation
 l - 5 scrolls of immolation
 p - 2 scrolls of amnesia {unknown}
 q - 3 scrolls of remove curse
 r - a scroll of enchant armour {unknown}
 u - 4 scrolls of enchant weapon
 A - a scroll of blinking {unknown}
 G - 3 scrolls of silence {unknown}
 J - 2 scrolls of magic mapping
Potions
 d - 2 potions of might
 e - a potion of berserk rage {unknown}
 j - a potion of resistance {unknown}
 o - 3 potions of curing
 s - 2 potions of cancellation {unknown}
 x - 2 potions of lignification {unknown}
 z - 2 potions of invisibility {unknown}
 B - 3 potions of flight {unknown}
 C - 5 potions of heal wounds {unknown}
 E - 2 potions of degeneration {unknown}
 I - 4 potions of haste {unknown}
 L - 3 potions of mutation {unknown}
 M - a potion of agility {unknown}
 P - 2 potions of brilliance {unknown}
 S - a potion of ambrosia {unknown}
Comestibles
 f - 30 rations


   Skills:
 + Level 7.5 Fighting
 * Level 14.9 Axes
 + Level 6.8 Armour
 + Level 2.9 Dodging
 + Level 1.2 Stealth
 + Level 6.9 Shields
 + Level 1.2 Invocations
 + Level 0.6 Evocations


You had 12 spell levels left.
You didn't know any spells.
Your spell library contained the following spells:

 Spells                   Type           Power        Failure   Level  Hunger
 Sandblast                Erth           #.....       100%        1    ##.....
 Summon Small Mammal      Summ           #...         100%        1    ##.....
 Call Imp                 Summ           #.......     100%        2    ###....
 Passwall                 Tmut/Erth      #.......     100%        2    ###....
 Call Canine Familiar     Summ           #.......     100%        3    ####...
 Stone Arrow              Conj/Erth      #.....       100%        3    ####...
 Summon Guardian Golem    Hex/Summ       #.......     100%        3    ####...
 Petrify                  Tmut/Erth      #.......     100%        4    #####..
 Summon Ice Beast         Ice/Summ       #.......     100%        4    #####..
 Summon Lightning Spire   Summ/Air       #.......     100%        4    #####..
 Lee's Rapid Deconstruct  Erth           #.........   100%        5    ######.


Dungeon Overview and Level Annotations

Branches:
Dungeon (11/15)            Temple (1/1) D:7            Lair (2/6) D:11
  Swamp: Lair:2-4    Shoals: Lair:2-4     Snake: Lair:2-4    Spider: Lair:2-4
    Orc: D:9-12

Altars:
Cheibriados
Dithmenos
Fedhas
Gozag
Hepliaklqana
Makhleb
Nemelex Xobeh
Okawaru
Qazlal
Vehumet
Wu Jian
Xom
Yredelemnul
The Shining One

Annotations:
Lair:1 2 transporters, Stiffzip's ghost, novice DDNe


Innate Abilities, Weirdness & Mutations

You have razor-sharp teeth.
You heal very quickly.
When hurt, damage is shared between your health and your magic reserves.
Your bite disrupts and absorbs the magic of your enemies.
Potions cannot restore your health.
You are immune to rotting.


Message History

The lindwurm bites you but does no damage.
The lindwurm claws you but does no damage. x2
The lindwurm breathes flames at you. You resist. The blast of flame hits you!
* * * LOW HITPOINT WARNING * * *
The lindwurm breathes flames at you. You resist. The blast of flame hits you.
* * * LOW HITPOINT WARNING * * *
As you read the scroll of fear, it crumbles to dust.
You assume a fearsome visage.
The lindwurm looks frightened! x2
The lindwurm resists with some effort.
The lindwurm breathes flames at you. You resist. The blast of flame hits you!
* * * LOW HITPOINT WARNING * * *
Unknown command.
As you read the scroll of fog, it crumbles to dust.
The scroll dissolves into smoke.
The lindwurm breathes flames at you. You resist. The blast of flame hits you!
You die...

§≈ ) k§§§≈≈.....Y. ≈≈.
k##k§§§≈≈...... ≈≈..
.#..≈§§≈....... ≈≈≈..
##§.§≈≈≈≈......#
≈≈≈§.§##§§.§§≈≈§......#
≈≈≈≈≈§§k§§≈≈§§§.......
..≈≈≈≈≈§≈≈§§§≈≈§≈§......##
...≈≈≈§≈≈≈§≈≈≈≈§≈........##
.....≈≈≈§≈§≈§≈@≈§.........P##
........≈≈≈§≈≈≈≈............P#
.......§...§≈...............###
........................#......#
.......##......P.................
...................##............
....#...#.#.......###†....P#.....
...#......##.........#....##.....
...........#.......#.#...........


You could see 2 lindwurms.

Vanquished Creatures
  Gastronok (D:10)
  Josephine (D:10)
  A centaur warrior (D:11)
  4 two-headed ogres
  3 death yaks (Lair:2)
  Sonja (D:10)
  Nergalle (D:10)
  An ugly thing (D:11)
  A cyclops (D:11)
  6 elephants (Lair:2)
  3 spiny frogs
  A komodo dragon (Lair:1)
  A troll (D:11)
  5 blink frogs (Lair:1)
  A hippogriff (D:11)
  Sigmund (D:4)
  A shadow (D:11)
  3 wraiths (D:10)
  12 yaks
  A soldier ant (D:10)
  7 swamp worms (Lair:1)
  2 water moccasins (Lair:1)
  A porcupine (Lair:2)
  6 sky beasts
  An ice beast (D:5)
  3 phantoms
  8 ogres
  5 wolves (Lair:1)
  2 centaurs
  A crocodile (Lair:1)
  3 big kobolds
  8 bullfrogs
  A water moccasin zombie (D:7)
  4 scorpions
  16 wights
  2 howler monkeys (D:11)
  3 bullfrog zombies
  9 crimson imps
  A quasit (D:6)
  3 orc priests (D:11)
  A gnoll shaman (D:6)
  3 jellies
  Crazy Yiuf (D:3)
  2 centaur skeletons
  2 hounds
  4 orc wizards
  4 iguanas
  Terence (D:3)
  8 worker ants
  A killer bee zombie (D:10)
  A hound zombie (D:9)
  A hound skeleton (D:7)
  7 adders
  12 gnolls
  4 shadow imps
  4 dart slugs
  4 leopard geckos
  21 orcs
  7 giant cockroaches
  4 goblins (D:1)
  10 hobgoblins
  8 jackals
  17 kobolds
  4 quokkas
  A ball python (D:1)
  10 bats
  2 frilled lizards
  6 rats
  A spectral orc (D:2)
  A plant (Lair:1)
287 creatures vanquished.

Vanquished Creatures (collateral kills)
  An unseen horror (D:11)
  A troll (D:11)
  2 yaks (D:11)
  A howler monkey (D:11)
5 creatures vanquished.

Vanquished Creatures (others)
  A hippogriff (D:7)
  2 fungi (Lair:1)
  4 plants (Lair:1)
7 creatures vanquished.

Grand Total: 299 creatures vanquished

Notes
Turn   | Place    | Note
-------+----------+-------------------------------------------
     0 | D:1      | Kairos the Vine Stalker Fighter began the quest for the
                  | Orb.
     0 | D:1      | Reached XP level 1. HP: 11/11 MP: 2/2
   125 | D:1      | Reached XP level 2. HP: 14/16 MP: 1/3
   245 | D:1      | Reached skill level 2 in Axes
   394 | D:1      | Reached XP level 3. HP: 18/20 MP: 4/4
   946 | D:2      | Found a basalt altar of Yredelemnul.
  1053 | D:3      | Gained mutation: Your natural rate of healing is unusually
                  | fast. [Vine Stalker growth]
  1053 | D:3      | Reached XP level 4. HP: 19/24 MP: 3/5
  1225 | D:3      | Noticed Terence
  1232 | D:3      | Killed Terence
  1232 | D:3      | Reached skill level 3 in Axes
  1380 | D:3      | Reached XP level 5. HP: 23/28 MP: 6/6
  1662 | D:3      | Found a runed translucent door.
  1663 | D:3      | Noticed Crazy Yiuf
  1693 | D:3      | Killed Crazy Yiuf
  1759 | D:4      | Noticed a phantom
  1798 | D:4      | Killed a phantom
  1798 | D:4      | Reached skill level 4 in Axes
  1798 | D:4      | Reached XP level 6. HP: 32/32 MP: 7/7
  1891 | D:4      | Found a radiant altar of Vehumet.
  1891 | D:4      | Found a burning altar of Makhleb.
  1935 | D:4      | Noticed a phantom
  1998 | D:4      | Killed a phantom
  2099 | D:4      | Noticed Sigmund
  2105 | D:4      | Reached skill level 5 in Axes
  2105 | D:4      | Killed Sigmund
  2105 | D:4      | Reached XP level 7. HP: 34/36 MP: 8/8
  2254 | D:5      | Entered Level 5 of the Dungeon
  2271 | D:5      | Reached skill level 6 in Axes
  2599 | D:5      | Gained mutation: You have razor-sharp teeth. [Vine Stalker
                  | growth]
  2599 | D:5      | Reached XP level 8. HP: 33/42 MP: 7/9
  2725 | D:5      | Reached skill level 1 in Dodging
  3169 | D:6      | Reached skill level 7 in Axes
  3454 | D:6      | Reached skill level 8 in Axes
  3536 | D:6      | Reached XP level 9. HP: 46/46 MP: 10/10
  3816 | D:7      | Found a glowing golden altar of the Shining One.
  4117 | D:7      | Found a sparkling altar of Nemelex Xobeh.
  4226 | D:7      | Found a staircase to the Ecumenical Temple.
  4235 | Temple   | Entered the Ecumenical Temple
  4257 | Temple   | Became a worshipper of Warmaster Okawaru
  4970 | D:8      | Found a hazy altar of Hepliaklqana.
  5047 | D:8      | Reached skill level 9 in Axes
  5143 | D:8      | Noticed a two-headed ogre
  5149 | D:8      | Killed a two-headed ogre
  5149 | D:8      | Reached * piety under Okawaru
  5149 | D:8      | Reached skill level 5 in Fighting
  5149 | D:8      | Reached skill level 5 in Shields
  5243 | D:8      | Reached XP level 10. HP: 51/51 MP: 11/11
  5494 | D:8      | Found a shimmering altar of Xom.
  5773 | D:9      | Reached ** piety under Okawaru
  5773 | D:9      | Reached skill level 10 in Axes
  6110 | D:9      | You fall through a shaft for 2 floors!
  6164 | D:11     | Reached *** piety under Okawaru
  6264 | D:11     | Reached skill level 5 in Armour
  6279 | D:10     | Entered Level 10 of the Dungeon
  6299 | D:10     | Reached skill level 11 in Axes
  6537 | D:10     | Noticed Nergalle
  6544 | D:10     | Reached **** piety under Okawaru
  6564 | D:10     | Killed Nergalle
  6654 | D:10     | Reached XP level 11. HP: 56/56 MP: 12/12
  6723 | D:10     | Noticed Gastronok
  6742 | D:10     | Killed Gastronok
  6742 | D:10     | Reached skill level 12 in Axes
  6751 | D:10     | Noticed Sonja
  6759 | D:10     | Killed Sonja
  6759 | D:10     | Reached ***** piety under Okawaru
  6896 | D:10     | Noticed Josephine
  6904 | D:10     | Killed Josephine
  6910 | D:10     | Noticed a two-headed ogre
  7127 | D:10     | Killed a two-headed ogre
  7127 | D:10     | Reached skill level 1 in Stealth
  7255 | D:10     | Noticed a two-headed ogre
  7260 | D:10     | Killed a two-headed ogre
  7318 | D:10     | You fall through a shaft!
  7321 | D:11     | Noticed a centaur warrior
  7334 | D:11     | Killed a centaur warrior
  7334 | D:11     | Reached skill level 13 in Axes
  7400 | D:11     | Gained mutation: You heal very quickly. [Vine Stalker
                  | growth]
  7400 | D:11     | Reached XP level 12. HP: 62/62 MP: 13/13
  7633 | D:11     | Noticed a two-headed ogre
  7644 | D:11     | Received a gift from Okawaru
  7644 | D:11     | Reached skill level 1 in Invocations
  7687 | D:11     | Killed a two-headed ogre
  7810 | D:11     | Found a staircase to the Lair.
  8186 | Lair:1   | Entered Level 1 of the Lair of Beasts
  8399 | Lair:1   | Reached skill level 14 in Axes
  8441 | Lair:1   | Found a transporter.
  8449 | Lair:1   | Noticed a seven-headed hydra
  8450 | Lair:1   | Noticed Stiffzip's ghost (novice DDNe)
  8647 | Lair:1   | Found a transporter.
  9115 | Lair:2   | Received a gift from Okawaru
  9277 | Lair:2   | Noticed a death yak
  9277 | Lair:2   | Noticed a death yak
  9290 | Lair:2   | Noticed a death yak
  9296 | Lair:2   | Killed a death yak
  9307 | Lair:2   | Killed a death yak
  9321 | Lair:2   | Killed a death yak
  9321 | Lair:2   | Reached XP level 13. HP: 35/67 MP: 14/14
  9383 | Lair:2   | HP: 2/67 [lindwurm/blast of flame (9)]
  9387 | Lair:2   | Killed from afar by a lindwurm

Skill      XL: |  1  2  3  4  5  6  7  8  9 10 11 12 |
---------------+-------------------------------------+-----
Fighting       | 3 4 5 6 7 |  7.5
Axes           | 2 3 4 5 6 8 9 11 13 14 | 14.9
Shields        | 3 4 5 6 |  6.9
Armour         | 3 4 5 6 |  6.8
Dodging        | 1 2 |  2.9
Stealth        | 1 |  1.2
Invocations    | 1 |  1.2
Evocations     | |  0.6

Action                   |  1- 3 |  4- 6 |  7- 9 | 10-12 | 13-15 || total
-------------------------+-------+-------+-------+-------+-------++-------
Melee: War axe           |    91 |    91 |   212 |   459 |       ||   853
       Bite              |    15 |    23 |    57 |   167 |     4 ||   266
       Broad axe         |       |       |       |    42 |    11 ||    53
Invok: Heroism           |       |       |       |    20 |       ||    20
Evoke: Wand              |       |       |       |    11 |       ||    11
  Use: Scroll            |     5 |       |     3 |     6 |     2 ||    16
 Stab: Paralysed         |       |       |       |     1 |       ||     1
  Eat: Chunk             |       |     4 |     7 |     6 |     1 ||    18
       Ration            |       |       |     1 |     2 |       ||     3
Armor: Scale mail        |    34 |       |       |       |       ||    34
       Chain mail        |       |    40 |   113 |   206 |    13 ||   372
Dodge: Dodged            |    30 |    16 |    47 |   144 |     4 ||   241
       Deflected         |       |       |       |     3 |       ||     3
Block: Shield            |    52 |    49 |    94 |   261 |     5 ||   461
